 Dungeon Crawl Stone Soup version 0.26.1-11-gd32895ea62 (webtiles) character file.

Game seed: 10689270282770551836

209 Goaboa the Sneak (level 5, -2/35 HPs)
             Began as an Octopode Hedge Wizard on June 2, 2021.
             Killed from afar by an orc wizard (15 damage)
             ... with a puff of flame
             ... on level 3 of the Dungeon.
             The game lasted 00:10:37 (3756 turns).

Goaboa the Sneak (Octopode Hedge Wizard)            Turns: 3756, Time: 00:10:40

Health: -2/35      AC:  1    Str:  9    XL:     5   Next: 87%
Magic:  9/9        EV: 14    Int: 16    God:
Gold:   64         SH:  0    Dex: 13    Spells: 7/10 levels left

rFire    x . .     SeeInvis .   a - +0 dagger
rCold    + . .     Faith    .   (no shield)
rNeg     . . .     Spirit   .   b - +0 hat
rPois    .         Reflect  .   (no amulet)
rElec    .         Harm     .   n - ring of ice
rCorr    .         Rampage  .   (no ring)
Will     .....                  (no ring)
Stlth    ++++......             (no ring)
HPRegen  0.11/turn              (no ring)
MPRegen  0.11/turn              (no ring)
                                (no ring)
                                (no ring)

@: very slightly contaminated, invisible
A: almost no armour, stealthy swim, amphibious, 8 rings, constrict 8, camouflage
1, gelatinous body 1
a: no special abilities


You were on level 3 of the Dungeon.
You visited 1 branch of the dungeon, and saw 3 of its levels.

You collected 64 gold pieces.

Inventory:

Hand Weapons
 a - a +0 dagger (weapon)
Armour
 b - a +0 hat (worn)
Jewellery
 m - an uncursed ring of willpower
 n - a ring of ice (left tentacle)
Scrolls
 d - a scroll of random uselessness {unknown}
 e - a scroll of enchant weapon {unknown}
 f - a scroll of teleportation {unknown}
 g - a scroll of fog {unknown}
 h - a scroll of identify {unknown}
 i - 2 scrolls of remove curse {unknown}
 k - a scroll of noise {unknown}
Potions
 c - a potion of invisibility
 j - a potion of curing {unknown}
 l - a potion of lignification {unknown}
 o - a potion of brilliance {unknown}


   Skills:
 + Level 2.4 Fighting
 + Level 3.3 Dodging
 + Level 4.8 Stealth
 - Level 3.0 Spellcasting
 - Level 1.0 Conjurations
 - Level 1.0 Summonings
 + Level 2.8 Translocations


You had 7 spell levels left.
You knew the following spells:

 Your Spells              Type           Power        Failure   Level
a - Magic Dart            Conj           20%          12%         1
b - Blink                 Tloc           N/A          9%          2

Your spell library contained the following spells:

 Spells                   Type           Power        Failure   Level
 Call Imp                 Summ           5%           19%         2
 Slow                     Hex            2%           28%         2
 Conjure Flame            Conj/Fire      4%           41%         3
 Mephitic Cloud           Conj/Pois/Air  3%           43%         3


Dungeon Overview and Level Annotations

Branches:
Dungeon (3/15)

Altars:


Innate Abilities, Weirdness & Mutations

You cannot wear most types of armour.
You are very stealthy in the water. (Stealth+)
You are amphibious.
You can wear up to eight rings at the same time.
You can use your tentacles to constrict eight enemies at once.
Your skin changes colour to match your surroundings (Stealth+).
Your rubbery body absorbs attacks. (AC +1, EV +1)


Message History

The jackal barks!
You hit the orc wizard but do no damage.
You constrict the orc wizard. The orc hits you with a +0 short sword.
The orc wizard points at you and mumbles some strange words.
The magic dart hits you! The orc barely misses you. The rat closely misses you.
The orc hits you with a +0 short sword.
You strike the helpless orc wizard from behind!
You puncture the orc wizard!
The orc wizard is severely wounded.
You constrict the orc wizard. The orc misses you.
The orc wizard closely misses you. The orc closely misses you.
The rat misses you. The orc closely misses you.
The jackal barks!
The adder hisses angrily.
You hit the orc wizard but do no damage.
You squeeze the orc wizard, but do no damage.
The orc wizard is severely wounded.
You constrict the orc wizard.
The orc wizard points at you and mumbles some strange words.
The puff of flame hits you! The fire burns you terribly!
You die...

#
#####.........†.....#
##.................
.........[...........
......................
######...^............
#.................
#.##..............
...##...o..........
......o@o.##.#####.
......r.o## .#
........... .#
.............
.S.h........(#
...h..h......#
.h...........#
#.............


You could see an orc wizard, an adder (wandering), 3 orcs, 4 jackals and a rat.

Vanquished Creatures
  A bullfrog zombie (D:2)
  Robin (D:2)
  5 adders
  3 gnolls (D:2)
  2 worms (D:2)
  6 dart slugs
  2 leopard geckos
  2 giant cockroaches (D:2)
  15 goblins
  11 hobgoblins
  4 jackals (D:2)
  3 ball pythons
  4 bats
  3 frilled lizards
  8 kobolds
  6 rats
76 creatures vanquished.

Notes
Turn   | Place    | Note
-------+----------+-------------------------------------------
     0 | D:1      | Goaboa the Octopode Hedge Wizard began the quest for the
                  | Orb.
     0 | D:1      | Reached XP level 1. HP: 11/11 MP: 4/4
   203 | D:1      | Reached skill level 3 in Stealth
   203 | D:1      | Reached XP level 2. HP: 12/18 MP: 6/6
   555 | D:1      | Reached skill level 1 in Fighting
   606 | D:1      | Reached XP level 3. HP: 20/23 MP: 7/7
   609 | D:1      | Learned a level 2 spell: Blink
  1179 | D:2      | Noticed Robin
  1238 | D:2      | Killed Robin
  1240 | D:2      | Reached XP level 4. HP: 16/28 MP: 8/8
  1711 | D:2      | Reached skill level 4 in Stealth
  2650 | D:2      | Reached XP level 5. HP: 34/34 MP: 9/9
  3756 | D:3      | Killed from afar by an orc wizard

Illustrated notes

Levels and vault maps discovered:
D:1:      tarquinn_simple_flora_water_f, layout_loops_corners
D:2:      layout_loops_corners, minmay_misc_feat_columns, st_stairs_7,
          kennysheep_generic_room_16, uniq_robin
D:3:      layout_rooms, chequers_temple_overflow_minitemple,
          makhleb_altar_promises_db, uniq_crazy_yiuf_cottage

Skill      XL: |  1  2  3  4 |
---------------+-------------+-----
Stealth        | 3 4 |  4.8
Fighting       | 1 2 |  2.4
Translocations | 2 |  2.8
Dodging        | 3 |  3.3
Spellcasting   | |  3.0
Conjurations   | |  1.0
Summonings     | |  1.0

Action                   |  1- 3 |  4- 6 || total
-------------------------+-------+-------++-------
Melee: Dagger            |    88 |   121 ||   209
       Constrict         |    26 |    28 ||    54
       Tentacles         |     9 |    18 ||    27
  Use: Potion            |     1 |     1 ||     2
 Stab: Sleeping          |     6 |    12 ||    18
       Invisible         |     2 |     1 ||     3
Armor: Skin              |     8 |     7 ||    15
Dodge: Dodged            |    52 |   102 ||   154
